PUB
HONOLULU RAYS @ MONTREAL ROYALS
04/23/1972
 
TOP OF THE 1ST
Honolulu Rays batting - Pitching for Montreal Royals : LHP Bob Wagner
Pitching: LHP Bob Wagner
Batting: LHB Kuan Zhang 0-0: Called Strike
0-1: Ball
1-1: Foul Ball, location: 2F
1-2: DOUBLE (Line Drive, 78D, EV 108.8 MPH)
Batting: SHB Mark Berry 0-0: Ball
1-0: Foul Ball, location: 5SF
1-1: Swinging Strike
1-2: Strikes out swinging
Batting: LHB Tin Truong 0-0: Ball
1-0: Ball
2-0: Called Strike
2-1: Swinging Strike
2-2: Strikes out looking
Batting: SHB Emery Hutchinson 0-0: Ground out U3 (Groundball, 3, EV 83.1 MPH)
Top of the 1st over - 0 runs, 1 hit, 0 errors, 1 left on base; Honolulu 0 - Montreal 0
BOTTOM OF THE 1ST
Montreal Royals batting - Pitching for Honolulu Rays : RHP Jesse Harris
Pitching: RHP Jesse Harris
Batting: RHB Luis López 0-0: Swinging Strike
0-1: Called Strike
0-2: Ball
1-2: Foul Ball, location: 9LSF
1-2: Strikes out swinging
Batting: RHB Paul Blair 0-0: Fly out, F7 (Flyball, 7LD, EV 90.6 MPH)
Batting: LHB Javier García 0-0: Fly out, F4 (Line Drive, 4D, EV 69.4 MPH)
Bottom of the 1st over - 0 runs, 0 hits, 0 errors, 0 left on base; Honolulu 0 - Montreal 0
TOP OF THE 2ND
Honolulu Rays batting - Pitching for Montreal Royals : LHP Bob Wagner
Batting: LHB Otto Eldridge 0-0: Ball
1-0: Ball
2-0: Called Strike
2-1: SOLO HOME RUN (Flyball, 7LD, EV 93.8 MPH), Distance : 357 ft
Batting: LHB Jerry Kenney 0-0: Ball
1-0: Ball
2-0: Foul Ball, location: 9LMF
2-1: Fly out, F5 (Popup, 5F, EV 75.6 MPH)
Batting: SHB Buck Rodgers 0-0: Ball
1-0: Swinging Strike
1-1: Ball
2-1: Foul Ball, location: 2LF
2-2: Foul Ball, location: 3F
2-2: Strikes out swinging
Batting: LHB Del Unser 0-0: Swinging Strike
0-1: Foul Ball, location: 25FF
0-2: Ball
1-2: Ball
2-2: Strikes out swinging
Top of the 2nd over - 1 run, 1 hit, 0 errors, 0 left on base; Honolulu 1 - Montreal 0
BOTTOM OF THE 2ND
Montreal Royals batting - Pitching for Honolulu Rays : RHP Jesse Harris
Batting: RHB Cleon Jones 0-0: SINGLE (Groundball, 3D, EV 101.3 MPH)
Batting: RHB Juan Méndez 0-0: Called Strike
Cleon Jones is caught stealing 2nd base 2-4
0-1: Fly out, F9 (Line Drive, 9, EV 92.5 MPH)
Batting: LHB Nick Nix 0-0: Ball
1-0: Foul Ball, location: 7LMF
1-1: SINGLE (Groundball, 6MD, EV 101.3 MPH)
Batting: LHB Tadataka Miura 0-0: 2-RUN HOME RUN (Flyball, 89XD, EV 98.8 MPH), Distance : 403 ft
Batting: RHB Francis Smith 0-0: Called Strike
0-1: Ball
1-1: Ball
2-1: Ball
3-1: DOUBLE (Flyball, 8RXD, EV 95.6 MPH)
Batting: LHB Bob Wagner 0-0: Ball
1-0: SINGLE (Line Drive, 56, EV 96.3 MPH)
Francis Smith to third
Runner from 3rd tries for Home, throw by LF and OUT! 7-2
Bottom of the 2nd over - 2 runs, 5 hits, 0 errors, 1 left on base; Honolulu 1 - Montreal 2
TOP OF THE 3RD
Honolulu Rays batting - Pitching for Montreal Royals : LHP Bob Wagner
Batting: RHB Jesse Harris 0-0: Ball
1-0: Swinging Strike
1-1: Foul Ball, location: 5SF
1-2: Strikes out swinging
Batting: LHB Kuan Zhang 0-0: Swinging Strike
0-1: Ball
1-1: Swinging Strike
1-2: Strikes out looking
Batting: SHB Mark Berry 0-0: Hit by Pitch
Batting: LHB Tin Truong 0-0: Ball
1-0: Called Strike
1-1: 2-RUN HOME RUN (Flyball, 9D, EV 102.5 MPH), Distance : 378 ft
Batting: SHB Emery Hutchinson 0-0: Called Strike
0-1: Ball
1-1: Ball
2-1: Ball
3-1: Fly out, F2 (Popup, 15S, EV 76.3 MPH)
Top of the 3rd over - 2 runs, 1 hit, 0 errors, 0 left on base; Honolulu 3 - Montreal 2
BOTTOM OF THE 3RD
Montreal Royals batting - Pitching for Honolulu Rays : RHP Jesse Harris
Batting: RHB Luis López 0-0: Ball
1-0: SINGLE (Flyball, 89S, EV 93.1 MPH)
Batting: RHB Paul Blair 0-0: Bunted foul
0-1: Bunted foul
0-2: DOUBLE (Line Drive, 8LXD, EV 103.1 MPH)
Luis López to third
Batting: LHB Javier García 0-0: Called Strike
0-1: Swinging Strike
0-2: Fly out, F7 (Flyball, 7, EV 91.9 MPH)
Runner from 3rd tags up, SCORES, no throw by LF
Batting: RHB Cleon Jones 0-0: Called Strike
0-1: Ball
1-1: Ball
2-1: Ground out 4-3 (Groundball, 4, EV 88.1 MPH)
Paul Blair to third
Batting: RHB Juan Méndez 0-0: Called Strike
0-1: Ball
1-1: SINGLE (Groundball, 56, EV 88.1 MPH)
Paul Blair scores
Batting: LHB Nick Nix 0-0: Called Strike
0-1: Ball
1-1: Swinging Strike
1-2: Ball
2-2: Fielders Choice at 2nd, 4-6 (Groundball, 4MD, EV 95.6 MPH)
Bottom of the 3rd over - 2 runs, 3 hits, 0 errors, 1 left on base; Honolulu 3 - Montreal 4
TOP OF THE 4TH
Honolulu Rays batting - Pitching for Montreal Royals : LHP Bob Wagner
Batting: LHB Otto Eldridge 0-0: Called Strike
0-1: SINGLE (Line Drive, 4D, EV 95.0 MPH)
Batting: LHB Jerry Kenney 0-0: Ground out 1-3 (Groundball, 15S, EV 72.5 MPH)
Otto Eldridge to second
Batting: SHB Buck Rodgers 0-0: Swinging Strike
0-1: Ball
1-1: Ball
2-1: Swinging Strike
2-2: Strikes out swinging
Batting: LHB Del Unser 0-0: Intentional Walk
Batting: RHB Jesse Harris 0-0: Ball
1-0: Fly out, F9 (Flyball, 89M, EV 86.3 MPH)
Top of the 4th over - 0 runs, 1 hit, 0 errors, 2 left on base; Honolulu 3 - Montreal 4
BOTTOM OF THE 4TH
Montreal Royals batting - Pitching for Honolulu Rays : RHP Jesse Harris
Batting: LHB Tadataka Miura 0-0: Called Strike
0-1: Foul Ball, location: 5SF
0-2: Foul Ball, location: 5F
0-2: Foul Ball, location: 2F
0-2: Ground out 1-3 (Groundball, 13S, EV 66.3 MPH)
Batting: RHB Francis Smith 0-0: Called Strike
0-1: Foul Ball, location: 2F
0-2: Ball
1-2: Ground out 6-3 (Groundball, 6MS, EV 78.1 MPH)
Batting: LHB Bob Wagner 0-0: Ball
1-0: Fly out, F7 (Line Drive, 7S, EV 96.9 MPH)
Bottom of the 4th over - 0 runs, 0 hits, 0 errors, 0 left on base; Honolulu 3 - Montreal 4
TOP OF THE 5TH
Honolulu Rays batting - Pitching for Montreal Royals : LHP Bob Wagner
Batting: LHB Kuan Zhang 0-0: Ball
1-0: Ball
2-0: Ball
3-0: Base on Balls
Batting: SHB Mark Berry 0-0: Sac Bunt to 5S - play at first, batter OUT! 5-3
Kuan Zhang to second
Batting: LHB Tin Truong 0-0: Ball
1-0: Called Strike
1-1: SINGLE (Line Drive, 78S, EV 98.1 MPH)
Kuan Zhang to third
Runner from 3rd tries for Home, throw by LF and OUT! 7-2
Batting: SHB Emery Hutchinson 0-0: Ball
1-0: 2-RUN HOME RUN (Flyball, 9D, EV 99.4 MPH), Distance : 384 ft
Batting: LHB Otto Eldridge 0-0: Swinging Strike
0-1: Foul Ball, location: 5F
0-2: Ball
1-2: Ball
2-2: Strikes out swinging
Top of the 5th over - 2 runs, 2 hits, 0 errors, 0 left on base; Honolulu 5 - Montreal 4
BOTTOM OF THE 5TH
Montreal Royals batting - Pitching for Honolulu Rays : RHP Jesse Harris
Batting: RHB Luis López 0-0: Ball
1-0: Ball
2-0: TRIPLE (Line Drive, 8LXD, EV 107.5 MPH)
Batting: RHB Paul Blair 0-0: Ball
1-0: Called Strike
1-1: Ball
2-1: Foul Ball, location: 5F, Error on foul ball, E5
2-2: Ground out 1-3 (Groundball, 15S, EV 73.8 MPH)
Batting: LHB Javier García 0-0: Ball
1-0: Ball
2-0: Fly out, F9 (Flyball, 9, EV 100.6 MPH)
Runner from 3rd tags up, SCORES, throw by RF
Batting: RHB Cleon Jones 0-0: Called Strike
0-1: Called Strike
0-2: Ground out 3-1 (Groundball, 34, EV 80.6 MPH)
Bottom of the 5th over - 1 run, 1 hit, 1 error, 0 left on base; Honolulu 5 - Montreal 5
TOP OF THE 6TH
Honolulu Rays batting - Pitching for Montreal Royals : LHP Bob Wagner
Batting: LHB Jerry Kenney 0-0: Ball
1-0: Swinging Strike
1-1: Ball
2-1: Foul Ball, location: 2F
2-2: Foul Ball, location: 2F
2-2: Ground out 5-3 (Groundball, 56, EV 87.5 MPH)
Batting: SHB Buck Rodgers 0-0: Ball
1-0: Ball
2-0: Foul Ball, location: 9LDF
2-1: Called Strike
2-2: Foul Ball, location: 5FF
2-2: SINGLE (Groundball, 56D, EV 105.0 MPH)
Batting: LHB Del Unser 0-0: Ball
1-0: Called Strike
1-1: Fielders Choice at 2nd, 6-4 (Groundball, 6M, EV 96.9 MPH)
Batting: RHB Jesse Harris 0-0: Fly out, F6 (Popup, 6MD, EV 43.1 MPH)
Top of the 6th over - 0 runs, 1 hit, 0 errors, 1 left on base; Honolulu 5 - Montreal 5
BOTTOM OF THE 6TH
Montreal Royals batting - Pitching for Honolulu Rays : RHP Jesse Harris
Batting: RHB Juan Méndez 0-0: Called Strike
0-1: Swinging Strike
0-2: Ball
1-2: Strikes out swinging
Batting: LHB Nick Nix 0-0: Ball
1-0: Ball
2-0: Swinging Strike
2-1: Ball
3-1: Foul Ball, location: 2F
3-2: Strikes out swinging
Batting: LHB Tadataka Miura 0-0: SINGLE (Line Drive, 34D, EV 101.3 MPH)
Batting: RHB Francis Smith 0-0: Fly out, F4 (Popup, 4S, EV 73.1 MPH)
Bottom of the 6th over - 0 runs, 1 hit, 0 errors, 1 left on base; Honolulu 5 - Montreal 5
TOP OF THE 7TH
Honolulu Rays batting - Pitching for Montreal Royals : LHP Bob Wagner
Batting: LHB Kuan Zhang 0-0: Called Strike
0-1: Ball
1-1: SINGLE (Groundball, 4S, EV 71.9 MPH) (infield hit)
Pitching: RHP Bill Kidder
Now at 2B: Stewart Gray
Batting: SHB Mark Berry 0-0: Bunt missed!
0-1: Bunted foul
0-2: Ball
1-2: Ball
2-2: Ball
3-2: Foul Ball, location: 7LSF
3-2: SINGLE (Line Drive, 6D, EV 97.5 MPH)
Kuan Zhang to second
Kuan Zhang to third
Batting: LHB Tin Truong 0-0: Ball
1-0: Foul Ball, location: 5SF
1-1: Ball
2-1: Foul Ball, location: 2F
2-2: SINGLE (Groundball, 34D, EV 110.0 MPH)
Kuan Zhang scores
Mark Berry to second
Runner from 2nd tries for 3rd, SAFE, throw by RF made to third
Batting: SHB Emery Hutchinson 0-0: Called Strike
0-1: Called Strike
0-2: Foul Ball, location: 3SF
0-2: Ball
1-2: Strikes out swinging
Batting: LHB Otto Eldridge 0-0: Ball
1-0: Fly out, F8 (Flyball, 8RXD, EV 86.9 MPH)
Runner from 3rd tags up, SCORES, no throw by CF
Batting: LHB Jerry Kenney 0-0: Called Strike
0-1: Ball
Passed Ball!
Tin Truong to second
1-1: Foul Ball, location: 3DF
1-2: Foul Ball, location: 2F
1-2: Ball
2-2: Foul Ball, location: 25F
2-2: SINGLE (Line Drive, 78S, EV 92.5 MPH)
Tin Truong to third
Runner from 3rd tries for Home, SAFE, throw by CF to home
Batting: SHB Buck Rodgers 0-0: Ball
1-0: Ball
2-0: Called Strike
2-1: SINGLE (Line Drive, 4D, EV 98.1 MPH)
Jerry Kenney to second
Runner from 2nd tries for 3rd, SAFE, no throw by CF
Batting: LHB Del Unser 0-0: Called Strike
0-1: Ball
1-1: Hit by Pitch
Buck Rodgers to second
Batting: RHB Jesse Harris 0-0: Called Strike
0-1: Ball
1-1: Ball
2-1: Ground out 4-3 (Groundball, 4, EV 79.4 MPH)
Top of the 7th over - 3 runs, 5 hits, 0 errors, 3 left on base; Honolulu 8 - Montreal 5
BOTTOM OF THE 7TH
Montreal Royals batting - Pitching for Honolulu Rays : RHP Jesse Harris
Batting: RHB Stewart Gray 0-0: Called Strike
0-1: SINGLE (Groundball, 23, EV 75.0 MPH) (infield hit)
Batting: RHB Luis López 0-0: Ball
Stewart Gray is caught stealing 2nd base 2-4
1-0: Fly out, F9 (Flyball, 9LD, EV 106.9 MPH)
Batting: RHB Paul Blair 0-0: Ground out 6-3 (Groundball, 6, EV 85.6 MPH)
Bottom of the 7th over - 0 runs, 1 hit, 0 errors, 0 left on base; Honolulu 8 - Montreal 5
TOP OF THE 8TH
Honolulu Rays batting - Pitching for Montreal Royals : RHP Bill Kidder
Batting: LHB Kuan Zhang 0-0: Swinging Strike
0-1: Ball
1-1: Called Strike
1-2: Foul Ball, location: 2F
1-2: Strikes out swinging
Batting: SHB Mark Berry 0-0: Ball
1-0: Swinging Strike
1-1: Fly out, F7 (Line Drive, 7S, EV 105.6 MPH)
Batting: LHB Tin Truong 0-0: Called Strike
0-1: Ball
1-1: Foul Ball, location: 5F
1-2: Strikes out looking
Top of the 8th over - 0 runs, 0 hits, 0 errors, 0 left on base; Honolulu 8 - Montreal 5
BOTTOM OF THE 8TH
Montreal Royals batting - Pitching for Honolulu Rays : RHP Jesse Harris
Batting: LHB Javier García 0-0: Ball
1-0: SINGLE (Line Drive, 89S, EV 110.0 MPH)
Batting: RHB Cleon Jones 0-0: Ball
1-0: Ball
2-0: SINGLE (Line Drive, 89M, EV 108.8 MPH)
Javier García to second
Pitching: RHP Tristan Gilles
Batting: RHB Juan Méndez 0-0: Fly out, F8 (Flyball, 8LD, EV 91.3 MPH)
Runner from 2nd tags up, SAFE at 3rd with throw by CF
Batting: LHB Nick Nix 0-0: Called Strike
0-1: Called Strike
0-2: Strikes out looking
Batting: LHB Tadataka Miura 0-0: Called Strike
0-1: Ball
1-1: Ground out U3 (Groundball, 3L, EV 107.5 MPH)
Bottom of the 8th over - 0 runs, 2 hits, 0 errors, 2 left on base; Honolulu 8 - Montreal 5
TOP OF THE 9TH
Honolulu Rays batting - Pitching for Montreal Royals : RHP Bill Kidder
Batting: SHB Emery Hutchinson 0-0: Ball
1-0: Ball
2-0: Foul Ball, location: 2F
2-1: Swinging Strike
2-2: Strikes out swinging
Pitching: RHP Will Evans
Batting: LHB Otto Eldridge 0-0: Called Strike
0-1: Foul Ball, location: 2F
0-2: Foul Ball, location: 3SF
0-2: Ball
1-2: Strikes out swinging
Batting: LHB Jerry Kenney 0-0: Called Strike
0-1: Called Strike
0-2: Ball
1-2: Foul Ball, location: 25FF
1-2: Reached on error, E4 (Groundball, 4, EV 100.0 MPH)
Batting: SHB Buck Rodgers 0-0: Ground out 4-3 (Groundball, 4, EV 81.9 MPH)
Top of the 9th over - 0 runs, 0 hits, 1 error, 1 left on base; Honolulu 8 - Montreal 5
BOTTOM OF THE 9TH
Montreal Royals batting - Pitching for Honolulu Rays : RHP Tristan Gilles
Pinch Hitting: LHB Bob Byers 0-0: Foul Ball, location: 2RF
0-1: Ball
1-1: Ball
2-1: Ground out 4-3 (Groundball, 4, EV 92.5 MPH)
Pinch Hitting: LHB Jesse Lewis 0-0: Called Strike
0-1: Ball
1-1: Ball
2-1: Ball
3-1: Base on Balls
Batting: RHB Luis López 0-0: Ball
1-0: Ball
2-0: Ball
3-0: Called Strike
3-1: SINGLE (Groundball, 6MS, EV 75.6 MPH) (infield hit)
Jesse Lewis to second
Batting: RHB Paul Blair 0-0: Fly out, F6 (Popup, 6MD, EV 66.3 MPH)
Batting: LHB Javier García 0-0: Called Strike
0-1: Ball
1-1: Swinging Strike
1-2: Ball
2-2: Foul Ball, location: 2F
2-2: Ball
Wild Pitch!
Jesse Lewis to third
Luis López to second
3-2: Base on Balls
Batting: RHB Cleon Jones 0-0: Ball
1-0: Foul Ball, location: 9LMF
1-1: Swinging Strike
1-2: Strikes out swinging
Bottom of the 9th over - 0 runs, 1 hit, 0 errors, 3 left on base; Honolulu 8 - Montreal 5
Thursday, February 29th , 2024 - OOTP Baseball 24.8 Build 75